 Dungeon Crawl Stone Soup version 0.31-a0-1308-ga3cce3a448 (webtiles) character file.

Game seed: 18411355770526313472

2594 kae the Sneak (level 9, -1/65 HPs)
             Began as a Demonspawn Enchanter on Dec 19, 2023.
             Was a Believer of Dithmenos.
             Slain by Maurice
             ... wielding a +5 short sword of electrocution
              (4 damage)
             ... on level 7 of the Dungeon.
             The game lasted 00:08:49 (6534 turns).

kae the Sneak (Demonspawn Enchanter)                Turns: 6534, Time: 00:08:49

Health: -1/65      AC:  5    Str:  8    XL:     9   Next: 33%
Magic:  7/24       EV: 12    Int: 22    God:    Dithmenos [**....]
Gold:   0          SH:  0    Dex: 18    Spells: 3/16 levels left

rFire   . . .        a - +2 dagger (spect)
rCold   . . .        (no shield)
rNeg    . . .        b - +0 robe
rPois   .            (helmet unavailable)
rElec   .            o - scarf {repulsion}
rCorr   .            (no gloves)
SInv    .            (no boots)
Will    .....        (no amulet)
Stlth   ++++         I - +6 ring of intelligence
HPRegen 0.30/turn    W - ring of magical power
MPRegen 0.19/turn

%: repel missiles
@: about to teleport, wreathed by umbra
A: horns 3, yellow scales 2
a: Renounce Religion, Shadow Step


You were on level 7 of the Dungeon.
You worshipped Dithmenos.
Dithmenos was pleased with you.
You visited 2 branches of the dungeon, and saw 8 of its levels.

You collected 154 gold pieces.
You spent 154 gold pieces at shops.


Innate Abilities, Weirdness & Mutations

You have a pair of large horns on your head.
You are mostly covered in yellow scales. (AC +3)


   Skills:
 + Level 4.2 Fighting
 * Level 5.5 Short Blades
 - Level 1.7 Dodging
 * Level 6.6 Stealth
 + Level 4.3 Spellcasting
 + Level 5.1 Hexes
 - Level 5.0 Ice Magic


You had 3 spell levels left.
You knew the following spells:

 Your Spells              Type           Power      Damage    Failure   Level
a - Ensorcelled Hibernat  Hex/Ice        54%        N/A       1%          2
b - Confusing Touch       Hex            27%        N/A       4%          3
c - Tukima's Dance        Hex            27%        N/A       4%          3
d - Dazzling Flash        Conj/Hex       32%        N/A       12%         3
e - Jinxbite              Hex            54%        N/A       1%          2

Your spell library contained the following spells:

 Spells                   Type           Power      Damage    Failure   Level
 Freeze                   Ice            100%       1d10      1%          1
 Frozen Ramparts          Ice            52%        1d8       4%          3
 Apportation              Tloc           8%         N/A       11%         1
 Sting                    Tmut/Pois      16%        1d3       11%         1
 Summon Small Mammal      Summ           16%        N/A       11%         1
 Hailstorm                Conj/Ice       15%        3d6       12%         3
 Summon Guardian Golem    Hex/Summ       16%        N/A       12%         3
 Cigotuvi's Dreadful Rot  Necr/Pois/Air  8%         N/A       17%         2
 Passwall                 Tmut/Erth      3%         N/A       17%         2
 Poisonous Vapours        Pois/Air       8%         N/A       17%         2
 Sublimation of Blood     Necr           4%         N/A       17%         2
 Wereblood                Tmut           4%         N/A       17%         2
 Call Canine Familiar     Summ           4%         N/A       32%         3
 Ignite Poison            Fire/Tmut/Pois 4%         N/A       32%         3
 Swiftness                Air            4%         N/A       32%         3
 Olgreb's Toxic Radiance  Pois           4%         N/A       73%         4
 Freezing Cloud           Conj/Ice/Air   6%         6-21      83%         5
 Alistair's Intoxication  Tmut/Pois      2%         N/A       97%         5
 Summon Hydra             Summ           2%         N/A       100%        7

Inventory:

Hand Weapons
 a - a +2 spectral dagger (weapon)
Missiles
 g - 63 stones
 j - 16 poisoned darts
 k - a throwing net {=f!f}
 q - 9 boomerangs
 u - a curare-tipped dart {=f}
Armour
 b - a +0 robe (worn)
 o - a scarf of repulsion (worn)
   (You found it on level 5 of the Dungeon)
Jewellery
 c - a ring of protection from cold
   (You found it on level 6 of the Dungeon)
 C - a ring of ice
   (You found it on level 5 of the Dungeon)
 F - a ring of fire
   (You found it on level 1 of the Dungeon)
 I - a +6 ring of intelligence (left hand)
   (You found it on level 1 of the Dungeon)
 T - an amulet of faith {!P}
   (You bought it in a shop on level 7 of the Dungeon)
 W - a ring of magical power (right hand)
   (You found it on level 5 of the Dungeon)
Scrolls
 h - 4 scrolls of identify {@r1}
 m - a scroll of revelation
Potions
 d - 2 potions of might
 e - 2 potions of curing {@q1}
 i - 2 potions of enlightenment
 l - 2 potions of invisibility
 n - a potion of attraction {!q}
 p - 2 potions of lignification {!q}
 r - 2 potions of resistance
 s - a potion of mutation {!q}

Dungeon Overview and Level Annotations

Branches:
Dungeon (7/15) Zot: 26344  Temple (1/1) D:4 Zot: 5998

Altars:
Ashenzari
Cheibriados
Dithmenos
Fedhas
Gozag
Hepliaklqana
Kikubaaqudgha
Makhleb
Nemelex Xobeh
Okawaru
Qazlal
Ru
Sif Muna
Trog
Vehumet
Wu Jian
Xom
Yredelemnul

Shops:
D:3 =   D:7 *

Annotations:
D:7 Maurice

##.....#.. #..
#......#..### ##..
##..#.#.. ...#####...
#...#.#.# ##..#.##...
..#....))#
#......#...
#.......###..........
####..............###
##..##....)...#.# #
##..#.@?####.##.#####
#.......# #...#.#
##...........####
###.........#
#....####.## #....#
### #...## ##.# ##


There were no monsters in sight!


Message History

😮 HP[-8] MP[-2]
You take 8 damage, and now have 45/65 hp.
You lost 2 mp, and now have 16/24 mp.
You completely miss something. Your headbutt misses something.
Your +2 spectral dagger hits something.
You hear some strange, mumbled words.
Your +2 spectral dagger disappears.
You hear a zap.
A puff of flame appears from out of thin air!
The puff of flame is repelled.
You see here a +0 short sword.
Unknown command. 😮 MP[+1]
You hear some strange, mumbled words. 😮 HP[+1]
You hear a zap.
A puff of flame appears from out of thin air!
The puff of flame misses you.
You see here a scroll of teleportation {@r4}. 😮 HP[+1]
You closely miss something.
Your +2 spectral dagger hits something. 😮 MP[+1]
You hit something. Your headbutt misses something.
Your +2 spectral dagger closely misses something.
Something hits you!
Something grunts, "Curses!"
Something bites you.
You feel your power leaking away.
Something drains your magic. 😮 HP[-14] MP[-3]
You take 14 damage, and now have 33/65 hp.
MASSIVE DAMAGE!! (PAUSE)
You lost 3 mp, and now have 15/24 mp.
You hit something but do no damage.
Your +2 spectral dagger hits something.
You hear a zap.
A puff of flame appears from out of thin air!
The puff of flame hits your +2 spectral dagger.
Your +2 spectral dagger resists.
Your spectral weapon shares its damage with you!
Unknown command.
You barely miss something. Your headbutt misses something.
Your +2 spectral dagger hits something.
Something hits your +2 spectral dagger!
Your spectral weapon shares its damage with you!
* * * LOW HITPOINT WARNING * * *
Something closely misses your +2 spectral dagger. 😨 HP[-6]
You take 6 damage, and now have 27/65 hp.
Unknown command.
You hit something.
Your +2 spectral dagger misses something.
Unknown command.
You hit something.
Your +2 spectral dagger barely misses something.
Something hits you.
* * * LOW HITPOINT WARNING * * *
Something mutters, "Now where did you hide it?"
Something bites you.
* * * LOW HITPOINT WARNING * * *
You feel your power leaking away.
Something drains your magic. 😨 HP[-9] MP[-2]
You take 9 damage, and now have 18/65 hp.
You lost 2 mp, and now have 13/24 mp.
You hit something. Your headbutt misses something.
Your +2 spectral dagger misses something.
Something hits you!
* * * LOW HITPOINT WARNING * * *
Something mutters, "Now where did you hide it?"
Something bites you.
* * * LOW HITPOINT WARNING * * *
You feel your power leaking away.
Something drains your magic. 😱 HP[-15] MP[-3]
You take 15 damage, and now have 3/65 hp.
MASSIVE DAMAGE!! (PAUSE)
You lost 3 mp, and now have 10/24 mp.
Okay, then.
Hit: a) +2 dagger (spect)
Press: ? - help, Dir - move target, f - you
Okay, then.
You aren't carrying any items that you can evoke.
Okay, then.
Unknown command.
Okay, then.
Okay, then.
You feel better.
Your +2 spectral dagger disappears.
Something hits you.
* * * LOW HITPOINT WARNING * * *
Something groans, "What are you, a monk?"
Something bites you.
* * * LOW HITPOINT WARNING * * *
You feel your power leaking away. Something drains your magic. 😱 MP[-3]
You lost 3 mp, and now have 7/24 mp.
As you read the scroll of teleportation {@r4}, it crumbles to dust.
You feel strangely unstable. Something hits you.
You die...

Skill      XL: |  1  2  3  4  5  6  7  8  9 |
---------------+----------------------------+-----
Short Blades   | 1 2 3 4 5 |  5.5
Stealth        | 3 4 5 6 |  6.6
Fighting       | 1 2 3 4 |  4.2
Ice Magic      | 1 2 3 4 5 |  5.0
Spellcasting   | 3 4 |  4.3
Hexes          | 4 5 |  5.1
Dodging        | |  1.7

Action                     |  1- 3 |  4- 6 |  7- 9 || total
---------------------------+-------+-------+-------++-------
  Melee: Dagger            |   117 |    99 |   244 ||   460
         Punch             |     1 |     1 |     5 ||     7
         Headbutt          |     7 |    19 |    46 ||    72
   Cast: Ensorcelled Hiber |     6 |    19 |    63 ||    88
         Confusing Touch   |       |       |    19 ||    19
    Use: Scroll            |     4 |     4 |     6 ||    14
         Potion            |       |     6 |     1 ||     7
   Stab: Sleeping          |    11 |    15 |    41 ||    67
         Confused          |       |       |     7 ||     7
 Armour: Robe              |    59 |    46 |   160 ||   265
  Dodge: Dodged            |    81 |    52 |   189 ||   322
         Repelled          |       |       |     4 ||     4

Levels and vault maps discovered:
D:1:      dpeg_arrival_arbitrary_b, layout_basic
D:2:      layout_basic, kennysheep_generic_room_16
D:3:      layout_basic, nicolae_overflow_hidden_temple, serial_shops,
          nicolae_shop_tiny_glass
D:4:      layout_cave_pools, minmay_temple_entry_mini_moons, serial_glass,
          glass_columns_a, glass_columns_a, glass_columns_c, glass_columns_b,
          glass_columns_b, glass_columns_c
D:5:      layout_rooms, nicolae_half_adder, uniq_eustachio
D:6:      layout_loops_ring
D:7:      layout_cave_pools, serial_shops, shop, uniq_maurice
Temple:   minmay_temple_bridge_d

Notes
Turn   | Place    | Note
-------+----------+-------------------------------------------
     0 | D:1      | kae the Demonspawn Enchanter began the quest for the Orb.
     0 | D:1      | Reached XP level 1. HP: 13/13 MP: 3/3
     0 | D:1      | magus.rc [v1.11.3]
    64 | D:1      | Reached skill level 1 in Short Blades
   183 | D:1      | Gained mutation: You are partially covered in yellow
                  | scales. (AC +2) [demonic ancestry]
   183 | D:1      | Reached XP level 2. HP: 20/20 MP: 5/5
   186 | D:1      | Learned a level 2 spell: Ensorcelled Hibernation
   408 | D:1      | Reached skill level 3 in Stealth
   859 | D:2      | Gained mutation: You have a pair of small horns on your
                  | head. [demonic ancestry]
   859 | D:2      | Reached XP level 3. HP: 25/25 MP: 6/6
   949 | D:2      | Reached skill level 1 in Fighting
  1024 | D:2      | You pick up a book of Callings and begin reading...
  1024 | D:2      | You add the spells Summon Small Mammal, Call Canine
                  | Familiar and Summon Guardian Golem to your library.
  1310 | D:2      | Reached skill level 1 in Ice Magic
  1317 | D:2      | Gained mutation: You have a pair of horns on your head.
                  | [demonic ancestry]
  1317 | D:2      | Reached XP level 4. HP: 17/32 MP: 4/7
  1610 | D:2      | You add the spells Cigotuvi's Dreadful Rot, Ignite Poison
                  | and Freezing Cloud to your library.
  1683 | D:3      | Found Owucvilu's Jewellery Shop.
  1713 | D:3      | Reached skill level 2 in Short Blades
  1715 | D:3      | HP: 8/32 [orc priest/+0 club (2)]
  1821 | D:3      | Reached XP level 5. HP: 33/37 MP: 3/8
  2219 | D:3      | You pick up a book of Frost and begin reading...
  2219 | D:3      | You add the spells Freeze, Frozen Ramparts and Hailstorm to
                  | your library.
  2492 | D:3      | magus.rc [v1.11.3]
  2523 | D:4      | Found a staircase to the Ecumenical Temple.
  2630 | Temple   | Entered the Ecumenical Temple
  2761 | D:3      | Found an ancient bone altar of Kikubaaqudgha.
  2761 | D:3      | Found a sparkling altar of Nemelex Xobeh.
  2761 | D:3      | Found a shadowy altar of Dithmenos.
  2761 | D:3      | Found a broken altar of Ashenzari.
  2777 | D:3      | Became a worshipper of Dithmenos the Shadowed
  2805 | D:4      | You add the spells Sting, Poisonous Vapours and Olgreb's
                  | Toxic Radiance to your library.
  2824 | D:4      | Noticed an ogre
  2837 | D:4      | Killed an ogre
  2838 | D:4      | Reached skill level 2 in Ice Magic
  2838 | D:4      | Reached XP level 6. HP: 19/44 MP: 4/10
  2960 | D:4      | Reached skill level 4 in Stealth
  3157 | D:5      | Entered Level 5 of the Dungeon
  3181 | D:5      | Reached skill level 2 in Fighting
  3181 | D:5      | Reached skill level 3 in Short Blades
  3216 | D:5      | Noticed an ice beast
  3229 | D:5      | HP: 9/44 [ice beast (4)]
  3229 | D:5      | HP: 2/44 [ice beast (7)]
  3232 | D:5      | Killed an ice beast
  3233 | D:5      | Reached skill level 3 in Spellcasting
  3233 | D:5      | Gained mutation: You are mostly covered in yellow scales.
                  | (AC +3) [demonic ancestry]
  3233 | D:5      | Reached XP level 7. HP: 12/50 MP: 11/11
  3344 | D:5      | Learned a level 3 spell: Confusing Touch
  3348 | D:5      | Learned a level 3 spell: Tukima's Dance
  3541 | D:5      | Reached skill level 4 in Hexes
  3541 | D:5      | Reached skill level 3 in Ice Magic
  3658 | D:5      | You pick up a book of Blood and begin reading...
  3658 | D:5      | You add the spells Sublimation of Blood, Wereblood and
                  | Summon Hydra to your library.
  3923 | D:5      | You pick up a book of Burglary and begin reading...
  3923 | D:5      | You add the spells Passwall and Swiftness to your library.
  4167 | D:5      | Reached * piety under Dithmenos
  4261 | D:5      | Noticed Eustachio
  4296 | D:5      | Killed Eustachio
  4297 | D:5      | Reached skill level 4 in Short Blades
  4297 | D:5      | Reached skill level 5 in Stealth
  4297 | D:5      | Gained mutation: You have a pair of large horns on your
                  | head. [demonic ancestry]
  4297 | D:5      | Reached XP level 8. HP: 55/57 MP: 12/13
  4406 | D:5      | Reached skill level 3 in Fighting
  4562 | D:6      | Reached skill level 4 in Ice Magic
  4710 | D:6      | HP: 14/58 [gnoll/+0 flail[a gnoll bouda] (3)]
  5039 | D:6      | Learned a level 3 spell: Dazzling Flash
  5105 | D:6      | HP: 12/55 [wight/+2 falchion of pain (9)]
  5416 | D:6      | You pick up a book of Party Tricks and begin reading...
  5416 | D:6      | You add the spells Apportation, Jinxbite and Alistair's
                  | Intoxication to your library.
  5605 | D:6      | Reached skill level 6 in Stealth
  5858 | D:7      | Learned a level 2 spell: Jinxbite
  5874 | D:7      | Reached skill level 4 in Spellcasting
  6007 | D:7      | Reached skill level 5 in Short Blades
  6017 | D:7      | Reached XP level 9. HP: 52/63 MP: 15/15
  6022 | D:7      | Reached ** piety under Dithmenos
  6027 | D:7      | HP: 14/58 [wight/+0 dagger (2)]
  6030 | D:7      | HP: 6/56 [wight/+0 dagger (1)]
  6283 | D:7      | Reached skill level 4 in Fighting
  6283 | D:7      | Reached skill level 5 in Hexes
  6295 | D:7      | Reached skill level 5 in Ice Magic
  6471 | D:7      | Found Paluxer's Assorted Antiques.
  6478 | D:7      | Bought a square filigree amulet for 110 gold pieces
  6479 | D:7      | Bought a scroll of identify for 44 gold pieces
  6499 | D:7      | Noticed Maurice
  6502 | D:7      | Maurice stole a ring of ice
  6517 | D:7      | Something stole 288 gold
  6532 | D:7      | HP: 7/65 [something (11)]
  6532 | D:7      | HP: 3/65 [something (4)]
  6534 | D:7      | Slain by Maurice

Vanquished Creatures
  Eustachio (D:5)
  A water moccasin (D:5)
  2 ice beasts
  A black bear (D:5)
  5 ogres
  A phantom (D:6)
  2 kobold brigands (D:7)
  A bullfrog (D:7)
  3 scorpions
  8 wights
  A howler monkey (D:7)
  5 hounds
  An orc priest (D:3)
  2 gnoll boudas
  A jelly (D:6)
  4 iguanas
  2 orc wizards
  9 gnolls
  9 adders
  2 shadow imps (D:6)
  6 white imps
  2 ufetubi (D:5)
  2 worms
  2 dart slugs
  11 orcs
  8 ball pythons
  9 bats
  12 endoplasms
  2 giant cockroaches
  3 goblins
  7 hobgoblins
  2 jackals (D:1)
  2 quokkas
  8 kobolds
  5 rats
142 creatures vanquished.

Table legend:
 A = Non-vault XP
 B = Vault XP
 C = Vault XP percentage of total XP
 D = Non-vault monster count
 E = Vault monster count
 F = Vault count percentage of total count
                 A         B        C        D         E       F
            +---------+---------+-------+---------+---------+-------
      Total |    3417 |     289 |   7.8 |     134 |       8 |   5.6
            +---------+---------+-------+---------+---------+-------
        D:1 |      39 |       0 |   0.0 |      20 |       0 |   0.0
        D:2 |      74 |       2 |   2.6 |      20 |       1 |   4.8
        D:3 |     137 |       0 |   0.0 |      16 |       0 |   0.0
        D:4 |     222 |       0 |   0.0 |       9 |       0 |   0.0
        D:5 |     860 |     287 |  25.0 |      20 |       7 |  25.9
        D:6 |     977 |       0 |   0.0 |      23 |       0 |   0.0
        D:7 |    1108 |       0 |   0.0 |      26 |       0 |   0.0
            +---------+---------+-------+---------+---------+-------

Skill      XL: |  1  2  3  4  5  6  7  8  9 |
---------------+----------------------------+-----
Short Blades   | 1 2 3 4 5 |  5.5
Stealth        | 3 4 5 6 |  6.6
Fighting       | 1 2 3 4 |  4.2
Ice Magic      | 1 2 3 4 5 |  5.0
Spellcasting   | 3 4 |  4.3
Hexes          | 4 5 |  5.1
Dodging        | |  1.7

Action                     |  1- 3 |  4- 6 |  7- 9 || total
---------------------------+-------+-------+-------++-------
  Melee: Dagger            |   117 |    99 |   244 ||   460
         Punch             |     1 |     1 |     5 ||     7
         Headbutt          |     7 |    19 |    46 ||    72
   Cast: Ensorcelled Hiber |     6 |    19 |    63 ||    88
         Confusing Touch   |       |       |    19 ||    19
    Use: Scroll            |     4 |     4 |     6 ||    14
         Potion            |       |     6 |     1 ||     7
   Stab: Sleeping          |    11 |    15 |    41 ||    67
         Confused          |       |       |     7 ||     7
 Armour: Robe              |    59 |    46 |   160 ||   265
  Dodge: Dodged            |    81 |    52 |   189 ||   322
         Repelled          |       |       |     4 ||     4

Illustrated notes

Table legend:
 A = Kills in this place as a percentage of kills in the entire game.
 B = Kills by you in this place as a percentage of kills by you in the entire game.
 C = Kills by friends in this place as a percentage of kills by friends in the entire game.
 D = Other kills in this place as a percentage of other kills in the entire game.
 E = Experience gained in this place as a percentage of experience gained in the entire game.
 F = Experience gained in this place divided by the number of levels of this place that you have seen.
                   A       B       C       D       E      F
               +-------+-------+-------+-------+-------+----------------------
         Total | 100.0 | 100.0 |   N/A | 100.0 | 100.0 | 463.2
       Dungeon | 100.0 | 100.0 |   N/A | 100.0 | 100.0 | 529.4
               +-------+-------+-------+-------+-------+----------------------

Table legend: (Time is in decaauts)
 A = Elapsed time spent in this place.
 B = Non-inter-level travel time spent in this place.
 C = Inter-level travel time spent in this place.
 D = Time resting spent in this place.
 E = Time spent auto-exploring this place.
 F = Levels seen in this place.
 G = Mean time per level.
                   A        B        C        D        E       F      G
               +--------+--------+--------+--------+--------+-----+--------+
         Total |   6461 |   6207 |    254 |    690 |   4270 |   8 |  807.6 |
       Dungeon |   6459 |   6207 |    252 |    690 |   4270 |   7 |  922.7 |
        Temple |      1 |      0 |      1 |      0 |      0 |   1 |    1.0 |
               +--------+--------+--------+--------+--------+-----+--------+

Top non-repeatable levels by time:
     D:5: 1354 daAuts
     D:6: 1311 daAuts
     D:3: 889 daAuts
     D:1: 843 daAuts
     D:2: 796 daAuts
     D:7: 654 daAuts
     D:4: 610 daAuts
  Temple: 1 daAuts
